 Dungeon Crawl Stone Soup version 0.30-a0-743-gbfdf073431 (webtiles) character file.

Game seed: 12402589968441593268

3334 BubbleThief the Destroyer (level 9, -14/75 HPs)
             Began as a Purple Draconian Conjurer on Feb 7, 2023.
             Was a Priest of Elyvilon.
             Demolished by a two-headed ogre
             ... wielding a +0 giant spiked club
              (23 damage)
             ... on level 9 of the Dungeon.
             The game lasted 00:18:20 (9123 turns).

BubbleThief the Destroyer (DrCj)                    Turns: 9123, Time: 00:18:20

Health: -14/75     AC:  8    Str:  9    XL:     9   Next: 72%
Magic:  11/21      EV: 14    Int: 22    God:    Elyvilon [***...]
Gold:   74         SH:  0    Dex: 17    Spells: 17/24 levels left

rFire   . . .      SeeInvis .    C - staff of conjuration
rCold   + . .      Faith    .    (no shield)
rNeg    . . .      Spirit   .    (body armour unavailable)
rPois   .          Reflect  .    (helmet restricted)
rElec   .          Harm     .    w - +0 cloak
rCorr   .          Rampage  .    (no gloves)
Will    +....                    (no boots)
Stlth   ++                       E - amulet of magic regeneration
HPRegen 0.32/turn                d - ring of protection from cold
MPRegen 0.57/turn                f - +6 ring of dexterity

@: short of breath
A: breathe power, AC +7, unfitting armour, cold-blooded
a: Breathe Dispelling Energy, Renounce Religion, Purification, Heal Other, Heal
Self


You were on level 9 of the Dungeon.
You worshipped Elyvilon.
Elyvilon was most pleased with you.
You visited 2 branches of the dungeon, and saw 9 of its levels.
You also visited: Sewer.

You collected 438 gold pieces.
You spent 364 gold pieces at shops.

Inventory:

Hand Weapons
 h - a +0 short sword of holy wrath
 j - a +2 dagger of speed
 u - a +0 short sword of venom
Missiles
 g - a throwing net
Armour
 w - a +0 cloak (worn)
Magical Staves
 C - a staff of conjuration (weapon)
Jewellery
 d - a ring of protection from cold (left hand)
 f - a +6 ring of dexterity (right hand)
 k - a ring of wizardry
 E - an amulet of magic regeneration (around neck)
Wands
 r - a wand of roots (1)
 y - a wand of paralysis (4)
Scrolls
 b - 3 scrolls of identify
 i - 3 scrolls of fear {unknown}
 l - 3 scrolls of teleportation
 m - 2 scrolls of fog {unknown}
 n - a scroll of blinking {unknown}
 o - a scroll of summoning {unknown}
 p - a scroll of noise {unknown}
 s - a scroll of enchant weapon {unknown}
 D - a scroll of immolation {unknown}
 G - a scroll of silence {unknown}
 H - a scroll of vulnerability {unknown}
 J - a scroll of amnesia
 K - a scroll of enchant armour {unknown}
Potions
 a - 2 potions of magic
 c - 3 potions of brilliance
 e - a potion of flight
 q - a potion of berserk rage
 t - a potion of cancellation
 v - 2 potions of attraction
 x - 3 potions of heal wounds
 z - a potion of invisibility
 A - 2 potions of lignification
 B - a potion of might
 F - a potion of ambrosia
 I - 2 potions of curing


   Skills:
 + Level 5.7 Fighting
 + Level 5.2 Dodging
 - Level 1.7 Stealth
 - Level 8.0 Spellcasting
 - Level 9.2 Conjurations
 - Level 4.1 Invocations


You had 17 spell levels left.
You knew the following spells:

 Your Spells              Type           Power      Damage    Failure   Level
a - Magic Dart            Conj           100%       1d8       1%          1
b - Searing Ray           Conj           100%       2d8       1%          2
c - Iskenderun's Mystic   Conj/Tloc      43%        2d10      11%         4

Your spell library contained the following spells:

 Spells                   Type           Power      Damage    Failure   Level
 Dazzling Flash           Conj/Hex       86%        N/A       3%          3
 Apportation              Tloc           16%        N/A       8%          1
 Necrotise                Necr           32%        1d5       8%          1
 Summon Small Mammal      Summ           32%        N/A       8%          1
 Fulminant Prism          Conj/Hex       21%        3d12      11%         4
 Call Canine Familiar     Summ           8%         N/A       22%         3
 Portal Projectile        Hex/Tloc       16%        N/A       22%         3
 Vhi's Electric Charge    Tloc/Air       16%        N/A       22%         3
 Animate Dead             Necr           8%         N/A       58%         4
 Leda's Liquefaction      Hex/Erth       4%         N/A       58%         4
 Borgnjor's Vile Clutch   Necr/Erth      4%         N/A       90%         5
 Storm Form               Tmut/Air       4%         N/A       100%        7


Dungeon Overview and Level Annotations

Branches:
Dungeon (7/15)             Temple (1/1) D:4           Sewer (visited)

Altars:
Cheibriados
Dithmenos
Elyvilon
Kikubaaqudgha
Nemelex Xobeh
Ru
Uskayaw
Wu Jian
Yredelemnul

Shops:
D:7 :**!


Innate Abilities, Weirdness & Mutations

You can breathe bolts of dispelling energy.
Your rich purple scales are hard. (AC +7)
You cannot fit into any form of body armour.
You are cold-blooded and may be slowed by cold attacks.


Message History

Nothing appears to happen.
The two-headed ogre closely misses you. The two-headed ogre barely misses you.
Aiming: Breathe Dispelling Energy (4% risk of failure)
Press: ? - help, Shift-Dir - straight line, f/p - two-headed ogre
Aim: a two-headed ogre, wielding a +0 giant spiked club and a +0 giant club (78% to hit)
You fail to use your ability.
Aiming: Breathe Dispelling Energy (4% risk of failure)
Press: ? - help, Shift-Dir - straight line, f/p - two-headed ogre
Aim: a two-headed ogre, wielding a +0 giant spiked club and a +0 giant club (78% to hit)
You breathe a bolt of dispelling energy.
The bolt of dispelling energy hits the two-headed ogre.
The two-headed ogre is lightly wounded.
The two-headed ogre barely misses you.
The two-headed ogre hits you with a +0 giant club.
Casting: Searing Ray (safe; 1% risk of failure)
Confirm with . or Enter, or press ? or * to list all spells.
Aiming: Searing Ray (safe; 1% risk of failure)
Press: ? - help, Shift-Dir - straight line, f/p - two-headed ogre
Aim: a two-headed ogre, wielding a +0 giant spiked club and a +0 giant club (lightly wounded, 92% to hit)
You feel a surge of power!
The searing ray hits the two-headed ogre!
The two-headed ogre is heavily wounded. (Press . to maintain the ray.)
The two-headed ogre closely misses you. x2
The searing ray hits the two-headed ogre!
The two-headed ogre is severely wounded.
Your magical contamination has completely faded away.
The searing ray hits the two-headed ogre.
The two-headed ogre is severely wounded.
The two-headed ogre hits you with a +0 giant spiked club!!
* * * LOW HITPOINT WARNING * * *
The two-headed ogre hits you with a +0 giant club!
* * * LOW HITPOINT WARNING * * *
The searing ray hits the two-headed ogre!
The two-headed ogre is almost dead.
You finish channelling your searing ray.
The two-headed ogre hits you with a +0 giant spiked club!!
Elyvilon protects you from harm!
The two-headed ogre hits you with a +0 giant club!!
You die...

....
####...
####.....
.......
..... ...
#O# ####@#
#....#
#.##.......
#.#########
#######
#..........
.......
###.##.....
.....##
#.....##
##....
#.##.....
.....##
#..# .##.
.##. #.


You could see a two-headed ogre.

Vanquished Creatures
  An ugly thing (D:9)
  A tengu conjurer (D:9)
  Grinder (D:3)
  Edmund (D:6)
  Menkaure (D:4)
  3 water moccasins
  2 ice beasts
  3 centaurs (D:5)
  An ogre (D:4)
  3 phantoms
  2 bullfrogs (D:7)
  A kobold brigand (Sewer)
  3 scorpions
  Crazy Yiuf (D:4)
  4 jellies
  3 hounds
  3 orc priests
  Jessica (D:1)
  5 iguanas
  Ijyb (D:3)
  2 orc wizards
  8 adders
  8 river rats (Sewer)
  2 white imps
  6 worms
  26 orcs
  6 bats
  9 endoplasms
  4 giant cockroaches
  6 goblins
  5 hobgoblins
  6 jackals
  6 quokkas
  10 ball pythons
  5 frilled lizards
  12 kobolds
  6 rats
168 creatures vanquished.

Vanquished Creatures (others)
  5 fungi (D:4)
  7 plants (Sewer)
12 creatures vanquished.

Grand Total: 180 creatures vanquished

Notes
Turn   | Place    | Note
-------+----------+-------------------------------------------
     0 | D:1      | BubbleThief the Draconian Conjurer began the quest for the
                  | Orb.
     0 | D:1      | Reached XP level 1. HP: 14/14 MP: 3/3
   467 | D:1      | Reached XP level 2. HP: 20/20 MP: 1/5
  1244 | D:2      | Noticed Jessica
  1250 | D:1      | Killed Jessica
  1251 | D:1      | Reached XP level 3. HP: 25/26 MP: 1/6
  1376 | D:2      | Reached skill level 5 in Conjurations
  1937 | D:2      | Reached XP level 4. HP: 33/33 MP: 5/8
  2159 | D:2      | Found a faded altar of an unknown god.
  2187 | D:2      | Got the Encyclopedia of Pathos
  2193 | D:2      | Identified the +1 ring mail of Lesser Demons {*Corrode
                  | rPois rN+}
  2421 | D:2      | Learned a level 2 spell: Searing Ray
  2533 | D:3      | Noticed Ijyb
  2533 | D:3      | Noticed a scorpion
  2626 | D:3      | Found an ornate altar of the Wu Jian Council.
  2646 | D:3      | Noticed Grinder
  2655 | D:3      | Killed Grinder
  2656 | D:3      | Reached skill level 6 in Conjurations
  2656 | D:3      | Reached XP level 5. HP: 23/38 MP: 6/10
  2656 | D:3      | Reached XP level 6. HP: 27/45 MP: 6/11
  2945 | D:3      | Found a glowing drain.
  2974 | Sewer    | Entered a sewer
  3359 | Sewer    | Reached skill level 7 in Conjurations
  3685 | Sewer    | Your scales start taking on a rich purple colour.
  3685 | Sewer    | Reached skill level 5 in Spellcasting
  3685 | Sewer    | Reached XP level 7. HP: 50/50 MP: 12/14
  4146 | D:3      | Found a sparkling altar of Nemelex Xobeh.
  4146 | D:3      | Found a snail-covered altar of Cheibriados.
  4146 | D:3      | Found an ancient bone altar of Kikubaaqudgha.
  4146 | D:3      | Found a sacrificial altar of Ru.
  4155 | D:3      | Found a white marble altar of Elyvilon.
  4155 | D:3      | Found a basalt altar of Yredelemnul.
  4165 | D:3      | Became a worshipper of Elyvilon the Healer
  4445 | D:3      | Elyvilon protects you from harm!
  4446 | D:3      | Killed Ijyb
  4449 | D:3      | HP: 2/50 [giant cockroach (2)]
  5205 | D:4      | Noticed Menkaure
  5211 | D:4      | Killed Menkaure
  5212 | D:4      | Reached skill level 8 in Conjurations
  5506 | D:4      | Reached XP level 8. HP: 57/57 MP: 11/18
  5763 | D:4      | Found a runed translucent door.
  5764 | D:4      | Noticed Crazy Yiuf
  5774 | D:4      | Killed Crazy Yiuf
  5948 | D:4      | Found a staircase to the Ecumenical Temple.
  6098 | D:5      | Entered Level 5 of the Dungeon
  6126 | D:5      | Reached * piety under Elyvilon
  6531 | D:5      | Reached skill level 9 in Conjurations
  6951 | D:5      | Reached ** piety under Elyvilon
  7312 | Temple   | Entered the Ecumenical Temple
  7386 | D:5      | Reached skill level 1 in Fighting
  7386 | D:5      | Reached skill level 1 in Invocations
  7551 | D:5      | Learned a level 4 spell: Iskenderun's Mystic Blast
  7928 | D:6      | Noticed Edmund
  7938 | D:6      | Killed Edmund
  7939 | D:6      | Reached XP level 9. HP: 48/68 MP: 11/21
  8269 | D:6      | Found a hide-covered altar of Uskayaw.
  8549 | D:7      | Found Vuaroc's General Store.
  8571 | D:7      | Bought a scroll of teleportation for 39 gold pieces
  8571 | D:7      | Bought a potion of brilliance for 52 gold pieces
  8571 | D:7      | Bought a scroll of identify for 26 gold pieces
  8698 | D:7      | Found Pututs's Distillery.
  8705 | D:7      | Bought a potion of curing for 39 gold pieces
  8705 | D:7      | Bought a potion of magic for 104 gold pieces
  8705 | D:7      | Bought a potion of curing for 39 gold pieces
  8705 | D:7      | Bought a potion of heal wounds for 65 gold pieces
  8832 | D:7      | Found a shadowy altar of Dithmenos.
  8846 | D:7      | Found Biru's Assorted Antiques.
  8867 | D:7      | Found Cupycs's Book Shoppe.
  8867 | D:7      | Reached *** piety under Elyvilon
  8984 | D:7      | You fall into a shaft and drop 2 floors!
  8996 | D:9      | Noticed a tengu conjurer
  8996 | D:9      | Noticed a green ugly thing
  9011 | D:9      | Killed a tengu conjurer
  9071 | D:9      | Noticed a troll
  9110 | D:9      | Noticed a two-headed ogre
  9113 | D:9      | Killed a green ugly thing
  9114 | D:9      | Reached skill level 5 in Fighting
  9114 | D:9      | Reached skill level 5 in Dodging
  9123 | D:9      | Elyvilon protects you from harm!
  9123 | D:9      | Demolished by a two-headed ogre

Illustrated notes

Levels and vault maps discovered:
D:1:      dpeg_cavernosity, layout_basic
D:2:      layout_basic, chequers_ecumenical_altar_grove, minmay_box_of_dots,
          uniq_jessica
D:3:      layout_loops_ring, nzn_wu_jian_contemplation,
          minmay_overflow_temple_hex, cheibrodos_sewer_entry_bend,
          minmay_fractal_squares_gapless_5, uniq_ijyb, uniq_grinder
D:4:      layout_loops_ring, minmay_temple_entry_purple_smoke,
          uniq_crazy_yiuf_cottage, uniq_menkaure
D:5:      layout_cave_pools
D:6:      layout_cave_pods, mainiacjoe_overflow_alcove_2, uniq_edmund
D:7:      layout_rooms, mainiacjoe_overflow_cross_hatched, serial_shops,
          nicolae_shop_statue_plus, shop, shop_fountains, nicolae_stop_n_shop_2
D:9:      minmay_tri_box, layout_basic, minmay_variable_closet
Temple:   nicolae_temple_bog_church

Skill      XL: |  1  2  3  4  5  6  7  8  9 |
---------------+----------------------------+-----
Conjurations   | 5 6 7 8 9 |  9.2
Spellcasting   | 3 5 6 8 |  8.0
Fighting       | 2 5 |  5.7
Dodging        | 3 5 |  5.2
Invocations    | 2 4 |  4.1
Stealth        | |  1.7

Action                     |  1- 3 |  4- 6 |  7- 9 || total
---------------------------+-------+-------+-------++-------
  Melee: Unarmed           |    15 |       |       ||    15
         Dagger            |       |    14 |     8 ||    22
         Tailslap          |       |     2 |     3 ||     5
         Punch             |       |     1 |       ||     1
   Cast: Magic Dart        |    73 |    56 |    41 ||   170
         Searing Ray       |       |    17 |    71 ||    88
         Iskenderun's Myst |       |       |     3 ||     3
Ability: Breathe Dispellin |       |       |     7 ||     7
    Use: Scroll            |       |     2 |     9 ||    11
         Potion            |       |     1 |     1 ||     2
 Armour: Skin              |     9 |    14 |    30 ||    53
  Dodge: Dodged            |    24 |    20 |    96 ||   140

Table legend: (Time is in decaauts)
 A = Elapsed time spent in this place.
 B = Non-inter-level travel time spent in this place.
 C = Inter-level travel time spent in this place.
 D = Time resting spent in this place.
 E = Time spent auto-exploring this place.
 F = Levels seen in this place.
 G = Mean time per level.
                   A        B        C        D        E       F      G
               +--------+--------+--------+--------+--------+-----+--------+
         Total |   9275 |   8724 |    551 |    664 |   6797 |  10 |  927.5 |
       Dungeon |   8097 |   7546 |    551 |    664 |   5743 |   8 | 1012.1 |
        Temple |      1 |      1 |      0 |      0 |      0 |   1 |    1.0 |
         Sewer |   1176 |   1176 |      0 |      0 |   1054 |   1 | 1176.0 |
               +--------+--------+--------+--------+--------+-----+--------+

Top non-repeatable levels by time:
     D:2: 1360 daAuts
     D:1: 1346 daAuts
     D:4: 1304 daAuts
     D:3: 1282 daAuts
     D:5: 1230 daAuts
   Sewer: 1176 daAuts
     D:6: 987 daAuts
     D:7: 446 daAuts
     D:9: 138 daAuts
  Temple: 1 daAuts
